 Dungeon Crawl Stone Soup version 0.28-a0-384-g9e0c098162 (webtiles) character file.

Game seed: 2413785397318795805

656843 Spaninq the Champion of Chaos (level 27, 0/181 HPs)
             Began as a Demonspawn Fighter on Sept 2, 2021.
             Was the Champion of Makhleb.
             Slain by an Orb Guardian (3 damage)
             ... on level 5 of the Realm of Zot.
             The game lasted 05:07:56 (70853 turns).

Spaninq the Champion of Chaos (Demonspawn Fighter) Turns: 70853, Time: 05:07:58

Health: 0/181      AC: 43    Str: 33    XL:     27
Magic:  35/35      EV: 10    Int: 10    God:    Makhleb [******]
Gold:   6737       SH: 23    Dex: 13    Spells: 23/26 levels left

rFire   + + +      SeeInvis +   c - +9 broad axe (vamp)
rCold   + + +      Faith    .   V - +2 shield of Resistance {rF++ rC++ Will++}
rNeg    . . .      Spirit   .   Z - +12 gold dragon scales
rPois   +          Reflect  +   t - +2 helmet {SInv}
rElec   +          Harm     .   d - +1 cloak {Will+}
rCorr   .          Rampage  .   N - +0 pair of gloves {Str+3}
Will    +++++      Rnd*Tele +   (boots unavailable)
Stlth   ..........              i - amulet "Echow" {Reflect rF+++ Str+3 SH+5}
HPRegen 0.40/turn               M - ring "Oloz" {rElec rC+ Stlth+}
MPRegen 0.24/turn               L - ring "Cuis" {Drain rPois rF+ rC+ Slay+3}

@: about to teleport, slowed, constricted, studying 2 skills, repel missiles,
very slow
A: hooves 3, repulsion field 3, foul stench 3, icemail 2, black mark,
condensation shield, bedeviling, aura of silence, claws 1, dopey 1, frail 2, low
mp 1, passive freeze, teleportitis 2, wild magic 1, sturdy frame 1
}: 3/15 runes: decaying, silver, gossamer
a: Renounce Religion, Minor Destruction, Lesser Servant of Makhleb, Major
Destruction, Greater Servant of Makhleb


You were on level 5 of the Realm of Zot.
You worshipped Makhleb.
Makhleb was exalted by your worship.
You visited 10 branches of the dungeon, and saw 50 of its levels.
You visited the Abyss 1 time.
You visited 1 bazaar.
You also visited: Trove, Ossuary, Gauntlet, Ice Cave and Desolation.

You collected 11037 gold pieces.
You spent 4300 gold pieces at shops.

Inventory:

Hand Weapons
 c - a +9 vampiric broad axe (weapon)
 j - a +2 hand axe of flaming
 I - the +8 war axe of the Wraith {antimagic, +Rage}
   (You acquired it on level 2 of the Depths)

   It reduces the magical energy of the wielder, and disrupts the spells and
   magical abilities of those it strikes.
   Natural abilities and divine invocations are not affected.
   +Rage:     It lets you go berserk.
Armour
 d - a +1 cloak of willpower (worn)
 t - a +2 helmet of see invisible (worn)
 C - the +10 tower shield of Ignorance {rN+ Int-4}
   (You found it on level 13 of the Dungeon)

   Int:       It affects your intelligence (-4).
   rN:        It protects you from negative energy.
 K - a +2 hat
 N - a +0 pair of gloves of strength (worn)
 O - a +0 kite shield of reflection
 V - the +2 shield of Resistance (worn) {rF++ rC++ Will++}
   (You took it off a vault guard on level 5 of the Vaults)

   rF:        It greatly protects you from fire.
   rC:        It greatly protects you from cold.
   Will:      It greatly increases your willpower.
 Z - +12 gold dragon scales (worn)
Jewellery
 a - the ring "Damnable Contraption" {Fly rElec Int+6 Stlth-}
   (You found it in a treasure trove)

   [ring of intelligence]

   Int:       It affects your intelligence (+6).
   rElec:     It insulates you from electricity.
   Fly:       It grants you flight.
   Stlth:     It makes you less stealthy.
 i - the amulet "Echow" (around neck) {Reflect rF+++ Str+3 SH+5}
   (You acquired it on level 4 of the Dungeon)

   [amulet of reflection]

   It reflects blocked missile attacks.
   Str:       It affects your strength (+3).
   rF:        It renders you almost immune to fire.
   SH:        It affects your SH (+5).
 B - the ring of Ureiwuvu {Will+ Str+2 Int+4}
   (You found it in the Desolation of Salt)

   [ring of willpower]

   Str:       It affects your strength (+2).
   Int:       It affects your intelligence (+4).
   Will:      It increases your willpower.
 E - a ring of resist corrosion
 L - the ring "Cuis" (right hand) {Drain rPois rF+ rC+ Slay+3}
   (You bought it in a shop on level 5 of the Dungeon)

   [ring of protection from fire]

   Slay:      It affects your accuracy & damage with ranged weapons and melee
   (+3).
   rF:        It protects you from fire.
   rC:        It protects you from cold.
   rPois:     It protects you from poison.
   Drain:     It drains your maximum health when unequipped.
 M - the ring "Oloz" (left hand) {rElec rC+ Stlth+}
   (You bought it in a shop on level 5 of the Dungeon)

   [ring of protection from cold]

   rC:        It protects you from cold.
   rElec:     It insulates you from electricity.
   Stlth:     It makes you more stealthy.
 S - the amulet of the Four Winds {rN+ Will+++ Clar}
   (You bought it in a shop on level 15 of the Dungeon)

   [amulet of nothing]

   rN:        It protects you from negative energy.
   Clar:      It protects you against confusion.
   Will:      It greatly increases your willpower.
Wands
 m - a wand of mindburst (52)
 s - a wand of iceblast (44)
 v - a wand of paralysis (16)
 D - a wand of flame (186)
 F - a wand of digging (28)
 P - a wand of acid (37)
Scrolls
 b - 6 scrolls of brand weapon
 k - 16 scrolls of teleportation
 n - 5 scrolls of amnesia
 q - 5 scrolls of blinking
 r - 3 scrolls of silence
 w - 11 scrolls of fear
 y - 2 scrolls of magic mapping
 A - 6 scrolls of fog
 H - 2 scrolls of summoning
 T - a scroll of enchant armour
 X - 9 scrolls of enchant weapon
Potions
 e - 2 potions of berserk rage
 f - 7 potions of curing
 g - 11 potions of ambrosia
 h - 11 potions of attraction
 o - 8 potions of haste
 p - 3 potions of cancellation
 u - 8 potions of brilliance
 z - a potion of resistance
 R - 5 potions of might
 W - 3 potions of mutation
 Y - 2 potions of magic
Miscellaneous
 x - a box of beasts
 G - a lightning rod (4/4)
 J - a phial of floods
 Q - a phantom mirror
 U - a condenser vane


   Skills:
 + Level 20.9 Fighting
 + Level 19.3 Axes
 + Level 19.5 Armour
 - Level 2.0 Dodging
 * Level 22.1 Shields
 + Level 5.6 Translocations
 + Level 24.5 Invocations
 + Level 14.7 Evocations


You had 23 spell levels left.
You knew the following spells:

 Your Spells              Type           Power      Damage    Failure   Level
a - Apportation           Tloc           28%        N/A       30%         1
b - Blink                 Tloc           N/A        N/A       43%         2

Your spell library contained the following spells:

 Spells                   Type           Power      Damage    Failure   Level
 Animate Skeleton         Necr           0%         N/A       95%         1
 Corona                   Hex            0%         N/A       95%         1
 Foxfire                  Conj/Fire      0%         2x1d4     95%         1
 Freeze                   Ice            0%         1d3       95%         1
 Pain                     Necr           0%         1d4       95%         1
 Sandblast                Erth           0%         2d4       95%         1
 Shock                    Conj/Air       0%         1d3       95%         1
 Sting                    Tmut/Pois      0%         1d3       95%         1
 Summon Small Mammal      Summ           0%         N/A       95%         1
 Portal Projectile        Hex/Tloc       20%        N/A       95%         3
 Passage of Golubria      Tloc           N/A        N/A       95%         4
 Corpse Rot               Necr/Air       N/A        N/A       99%         2
 Passwall                 Tmut/Erth      0%         N/A       99%         2
 Poisonous Vapours        Pois/Air       0%         N/A       99%         2
 Slow                     Hex            0%         N/A       99%         2
 Static Discharge         Conj/Air       0%         N/A       99%         2
 Sublimation of Blood     Necr           0%         N/A       99%         2
 Wereblood                Tmut           0%         N/A       99%         2
 Call Canine Familiar     Summ           0%         N/A       100%        3
 Confusing Touch          Hex            0%         N/A       100%        3
 Conjure Flame            Conj/Fire      0%         6-21      100%        3
 Dazzling Flash           Conj/Hex       0%         N/A       100%        3
 Frozen Ramparts          Ice            0%         1d2       100%        3
 Inner Flame              Hex/Fire       0%         N/A       100%        3
 Ozocubu's Armour         Ice            0%         N/A       100%        3
 Spider Form              Tmut/Pois      0%         N/A       100%        3
 Stone Arrow              Conj/Erth      0%         3d7       100%        3
 Summon Guardian Golem    Hex/Summ       0%         N/A       100%        3
 Swiftness                Air            0%         N/A       100%        3
 Tukima's Dance           Hex            0%         N/A       100%        3
 Vampiric Draining        Necr           0%         2d6       100%        3
 Airstrike                Air            0%         N/A       100%        4
 Animate Armour           Summ/Erth      0%         N/A       100%        4
 Animate Dead             Necr           0%         N/A       100%        4
 Cause Fear               Hex            0%         N/A       100%        4
 Hailstorm                Conj/Ice       0%         3d3       100%        4
 Ice Form                 Ice/Tmut       0%         N/A       100%        4
 Leda's Liquefaction      Hex/Erth       0%         N/A       100%        4
 Olgreb's Toxic Radiance  Pois           0%         N/A       100%        4
 Petrify                  Tmut/Erth      0%         N/A       100%        4
 Summon Lightning Spire   Summ/Air       0%         N/A       100%        4
 Agony                    Necr           0%         N/A       100%        5
 Blade Hands              Tmut           0%         N/A       100%        5
 Bolt of Magma            Conj/Fire/Erth 0%         4d4       100%        5
 Borgnjor's Vile Clutch   Necr/Erth      0%         N/A       100%        5
 Fireball                 Conj/Fire      0%         3d3       100%        5
 Freezing Cloud           Conj/Ice/Air   0%         6-21      100%        5
 Irradiate                Conj/Tmut      0%         3d13      100%        5
 Lee's Rapid Deconstruct  Erth           0%         3d5*      100%        5
 Lightning Bolt           Conj/Air       0%         1d11      100%        5
 Manifold Assault         Tloc           14%        N/A       100%        5
 Metabolic Englaciation   Hex/Ice        0%         N/A       100%        5
 Silence                  Hex/Air        0%         N/A       100%        5
 Summon Forest            Summ/Tloc      3%         N/A       100%        5
 Yara's Violent Unravell  Hex/Tmut       0%         3d3       100%        5
 Death Channel            Necr           0%         N/A       100%        6
 Dispersal                Tloc           7%         N/A       100%        6
 Eringya's Noxious Bog    Tmut/Pois      0%         N/A       100%        6
 Invisibility             Hex            0%         N/A       100%        6
 Simulacrum               Ice/Necr       0%         N/A       100%        6
 Starburst                Conj/Fire      0%         6d3       100%        6
 Statue Form              Tmut/Erth      0%         N/A       100%        6
 Dragon Form              Tmut           0%         N/A       100%        7
 Haunt                    Necr/Summ      0%         N/A       100%        7
 Storm Form               Tmut/Air       0%         N/A       100%        7
 Summon Hydra             Summ           0%         N/A       100%        7
 Borgnjor's Revivificati  Necr           0%         N/A       100%        8
 Discord                  Hex            0%         N/A       100%        8
 Disjunction              Tloc           7%         N/A       100%        8
 Ignition                 Fire           0%         3d3       100%        8
 Infestation              Necr           0%         N/A       100%        8
 Lehudib's Crystal Spear  Conj/Erth      0%         10d2      100%        8
 Maxwell's Capacitive Co  Air            0%         ∞         100%        8
 Necromutation            Tmut/Necr      0%         N/A       100%        8
 Death's Door             Necr           0%         N/A       100%        9
 Fire Storm               Conj/Fire      0%         5d1       100%        9
 Polar Vortex             Ice            0%         N/A       100%        9


Dungeon Overview and Level Annotations

Branches:
Dungeon (15/15)            Temple (1/1) D:4            Lair (6/6) D:11
  Swamp (4/4) Lair:3       Spider (4/4) Lair:2        Slime (0/5) Lair:6
    Orc (2/2) D:12            Elf (3/3) Orc:2        Vaults (5/5) D:13
  Crypt (0/3) Vaults:2     Depths (5/5) D:15            Zot (5/5) Depths:5
Ossuary (visited)           IceCv (visited)         Desolation (visited)
Gauntlet (visited)

Altars:
Ashenzari
Cheibriados
Dithmenos
Elyvilon
Fedhas
Gozag
Hepliaklqana
Kikubaaqudgha
Makhleb
Nemelex Xobeh
Okawaru
Qazlal
Ru
Sif Muna
Trog
Uskayaw
Vehumet
Wu Jian
Xom
Yredelemnul
Zin
The Shining One
Beogh
Jiyva

Shops:
D:5 *   D:7 =   D:11 ?   D:14 (   D:15 =   Orc:2 *[!:   Elf:2 *   Elf:3 (
Vaults:2 *   Depths:1 ?   Depths:2 =:=

Portals:
Hell: Depths:1 Depths:2 Depths:3 Depths:4 Depths:5
Abyss: Depths:2 Depths:3 Depths:4
Pandemonium: Depths:3 Depths:5
Ziggurat: Depths:4

Annotations:
D:13 1 runed translucent door, exclusion: 4 orange crystal statues
Elf:1 3 runed translucent doors, Eciono's ghost, adept GnDe
Zot:5 exclusions: obsidian statue and 1 more exclusion


Innate Abilities, Weirdness & Mutations

You have hooves in place of feet.
You are surrounded by a strong repulsion field. (EV +4, RMsl)
You frequently emit foul miasma when damaged in melee.
A meltable icy envelope protects you from harm. (AC +0)
Your melee attacks may debilitate your foes.
A meltable shield of frost defends you. (SH +0)
Your hexes are more powerful.
You are surrounded by an aura of silence.
You have sharp fingernails.
You are dopey. (Int -2)
You are very frail. (-20% HP)
Your magical capacity is low. (-10% MP)
A frigid envelope surrounds you and freezes all who hurt you.
You are sometimes teleported next to monsters.
Your spells are a little harder to cast, but a little more powerful.
Your movements are slightly less encumbered by armour. (ER -2)


Message History

You miss the death cob. You barely miss the death cob.
You barely miss the Orb Guardian. You slice the purple draconian!!
You feel better.
You hit the tentacled monstrosity.
The tentacled monstrosity looks weaker.
You slash the red draconian! You block the death cob's attack. x3
The Orb Guardian is engulfed in dark miasma.
The Orb Guardian is poisoned.
The Orb Guardian seems to slow down.
You block the Orb Guardian's attack.
The tentacled monstrosity tentacle-slaps you but does no damage.
The tentacled monstrosity completely misses you.
The tentacled monstrosity misses you.
The tentacled monstrosity constricts you.
* * * LOW HITPOINT WARNING * * *
The death cob closely misses you.
The purple draconian hits you but does no damage.
The purple draconian is very cold.
The purple draconian is heavily wounded.
The green draconian is engulfed in dark miasma.
The green draconian is poisoned.
The green draconian seems to slow down.
The green draconian closely misses you. You block the green draconian's attack.
The red draconian hits you but does no damage.
The red draconian is very cold.
The red draconian is moderately wounded.
The death cob hits you!
* * * LOW HITPOINT WARNING * * *
The death cob resists.
The death cob is very cold.
The death cob is heavily damaged.
The tentacled monstrosity tentacle-slaps you but does no damage.
The tentacled monstrosity resists.
The tentacled monstrosity is very cold.
The tentacled monstrosity is moderately wounded.
The tentacled monstrosity tentacle-slaps you but does no damage.
The tentacled monstrosity resists.
The tentacled monstrosity is very cold.
The tentacled monstrosity is moderately wounded.
The tentacled monstrosity barely misses you.
The tentacled monstrosity constricts you.
* * * LOW HITPOINT WARNING * * *
The Orb Guardian is engulfed in dark miasma.
The Orb Guardian looks even sicker.
The Orb Guardian seems to slow down.
The Orb Guardian hits you.
You die...

****,,,,.........▓▓▓▓
**,,,,,,.............▓▓▓
**,,,,,,,...............▓*
*,,,,,,,,....☼...........* ▓▓▓▓▓▓
*,,,^,,,,................▓▓▓..^..
**,..............q.......▓▓..§§..
**......^D..............▓...§§2§
▓▓...........Xzq........L§Xd§z.
▓▓........)...d@zdd.....▓..dX§§2
▓▓.....d.......Xddd..^...▓▓.d.3§X
▓...............d/.......▓▓▓.XkX§
▓.^....d.................# ▓▓▓▓▓▓
*▓.....d................##
*▓.3.................▓##
▓▓..d○...........▓▓▓▓
▓▓8d.z.##▓▓▓▓▓▓▓▓▓▓**
*#...d.9....^.^..^..,***


You could see a tentacled monstrosity (weak), a black draconian monk, a golden
dragon, 2 draconians, a green draconian (poisoned, slow, weak), 2 draconians, a
red draconian, a white draconian, 2 death cobs, an Orb Guardian (very poisoned,
slow) and a yellow draconian annihilator.

Vanquished Creatures
  3 dread liches
  5 orbs of fire
  An ancient lich (Vaults:4)
  Mennas (Depths:5)
  Bai Suzhen (Vaults:2)
  2 juggernauts
  A Killer Klown (Zot:5)
  Saint Roka (Depths:5)
  Frederick (Vaults:2)
  Xtahua (Vaults:2)
  A curse toe (Zot:4)
  13 caustic shrikes
  11 golden dragons
  Nikola (Swamp:1)
  2 bone dragons
  Arachne (Spider:2)
  2 electric golems (Zot:1)
  21 tentacled monstrosities
  An Ice Fiend (IceCv)
  4 liches
  Jorgrun (Spider:3)
  Rupert (D:14)
  3 deep elf blademasters
  Asterion (Spider:1)
  4 titans
  14 Orb Guardians (Zot:5)
  3 quicksilver dragons
  Kirke (Lair:6)
  10 death cobs
  2 deep elf master archers (Elf:3)
  5 sphinxes
  3 tentacled starspawn (Abyss:2)
  4 thorn hunters
  7 shadow dragons
  Donald (Spider:3)
  14 storm dragons
  8 draconian monks
  12 tengu reavers
  10 frost giants
  7 draconian knights
  6 ghost moths
  22 vault wardens
  Louise (Swamp:2)
  6 fire giants
  3 orc warlords
  2 imperial myrmidons (Desolation)
  6 draconian shifters
  3 deep elf sorcerers (Elf:3)
  An iron dragon (Vaults:5)
  A ghost moth (shapeshifter) (Vaults:5)
  5 draconian scorchers
  9 draconian stormcallers
  A juggernaut zombie (Depths:3)
  3 war gargoyles
  4 emperor scorpions
  4 spriggan defenders (Depths:3)
  2 deep elf elementalists
  15 stone giants
  15 ironbound preservers
  4 draconian annihilators
  41 very ugly things
  A caustic shrike skeleton (Depths:3)
  6 entropy weavers
  A vampire knight (Depths:5)
  3 halazid warlocks (Desolation)
  7 deep elf demonologists
  Nessos (Lair:5)
  19 yellow draconians
  11 green draconians
  5 bunyips
  12 purple draconians
  14 spark wasps
  13 white draconians
  15 black draconians
  3 deep elf annihilators
  A minotaur (Gauntlet)
  16 red draconians
  6 dire elephants
  4 deep elf death magi
  4 eleionomae
  2 crystal guardians
  11 fire dragons
  15 ettins
  8 great orbs of eyes
  2 deep elf high priests (Elf:3)
  3 shambling mangroves
  4 ragged hierophants (Desolation)
  5 servants of whispers (Desolation)
  4 rakshasas
  17 hydras
  8 ice dragons
  11 yaktaur captains
  7 ironbound thunderhulks
  33 vault guards
  6 boulder beetles
  8 spriggan air magi
  13 peacekeepers
  5 ironbound frosthearts
  5 ghost crabs
  7 two-headed ogres
  10 centaur warriors
  2 caustic shrike simulacra (IceCv)
  7 tengu warriors
  A death knight (Vaults:2)
  18 death yaks
  7 alligators
  7 deep troll shamans
  7 ironbound beastmasters
  10 deep troll earth magi
  A thrashing horror (Abyss:2)
  30 dancing weapons
  3 orc high priests (Orc:2)
  A titan skeleton (Depths:3)
  2 starcursed masses (Abyss:2)
  A shock serpent (shapeshifter) (Vaults:2)
  6 spriggan berserkers
  A storm dragon zombie (Depths:3)
  6 iron trolls
  5 hell knights
  A shadow wraith (Vaults:5)
  13 deep elf knights
  2 goliath frogs
  2 death drakes
  6 glowing orange brains
  A glowing orange brain (shapeshifter) (Depths:1)
  12 bog bodies
  3 flayed ghosts
  3 spriggan druids
  An obsidian statue (IceCv)
  3 spectral hydras (Swamp:4)
  28 deep elf pyromancers
  4 swamp dragons
  Pikel (D:6)
  6 wizards
  14 orc knights
  A shadow dragon zombie (Vaults:4)
  44 deep trolls
  22 ironbound convokers
  7 lindwurms
  A tengu zombie (Depths:2)
  11 deep elf archers
  10 necromancers
  2 oklob plants (Swamp:2)
  A fire giant zombie (Depths:2)
  4 harpies (Vaults:3)
  6 phantasmal warriors
  11 orb spiders
  32 ugly things
  20 wolf spiders
  4 cyclopes
  20 deep elf zephyrmancers
  6 orc sorcerers (Orc:2)
  2 frost giant zombies (Depths:3)
  2 stone giant zombies
  2 manticores (D:12)
  3 will-o-the-wisps
  A sphinx skeleton (Depths:2)
  17 elephants (Lair:6)
  An elephant (shapeshifter) (Vaults:5)
  16 moths of wrath
  2 guardian serpents (Desolation)
  7 black mambas
  13 vault sentinels
  Joseph (D:7)
  A black mamba (shapeshifter) (Vaults:2)
  3 molten gargoyles
  A spriggan zombie (Depths:1)
  2 frost giant skeletons
  6 torpor snails
  2 unseen horrors (D:12)
  2 gargoyles (D:12)
  9 cane toads
  A storm dragon simulacrum (Depths:1)
  2 rime drakes
  A yaktaur zombie (Vaults:1)
  An efreet (D:14)
  3 swamp worm zombies (Swamp:4)
  8 demonic crawlers
  26 yaktaurs
  4 freezing wraiths
  A rime drake (shapeshifter) (Vaults:5)
  9 tengu conjurers
  17 komodo dragons
  5 kobold demonologists
  7 entropy weaver simulacra (IceCv)
  A yaktaur (shapeshifter) (Elf:2)
  3 ice devils (IceCv)
  2 anaconda simulacra (IceCv)
  A yaktaur skeleton (Vaults:1)
  6 trolls
  3 hydra zombies (Swamp:4)
  4 human skeletons
  A jumping spider (shapeshifter) (Abyss:2)
  A troll (shapeshifter) (Elf:2)
  8 tyrant leeches
  A bloated husk (Swamp:4)
  A polar bear (Lair:2)
  Prince Ribbit (D:6)
  22 jumping spiders
  21 hornets
  51 saltlings
  A slime creature (shapeshifter) (Vaults:5)
  3 blink frogs (Lair:4)
  A blink frog (shapeshifter) (D:14)
  A raiju (Abyss:2)
  2 human simulacra (Vaults:1)
  34 slime creatures
  3 large abominations (Abyss:2)
  A fire dragon zombie (Depths:1)
  A centaur simulacrum (D:15)
  2 spectral swamp dragons (Swamp:4)
  A fire giant simulacrum (Vaults:1)
  An ettin skeleton (Vaults:4)
  14 flying skulls (Gauntlet)
  An elf skeleton (Depths:3)
  6 water elementals
  5 alligator zombies (Swamp:4)
  61 redbacks
  26 tarantellas
  2 air elementals (Elf:2)
  4 wyverns
  13 spriggans
  4 shadows
  A vampire (Abyss:2)
  3 dire elephant simulacra (IceCv)
  10 wraiths
  A yak (shapeshifter) (Elf:2)
  7 spriggan simulacra (IceCv)
  2 steam dragons (Lair:6)
  7 basilisks
  21 yaks
  2 fire elementals
  A golden eye (shapeshifter) (D:14)
  2 hogs (Lair:6)
  6 minotaur simulacra (IceCv)
  4 vampire mosquitoes (D:8)
  2 small abominations (Abyss:2)
  A harpy simulacrum (IceCv)
  2 wargs
  17 swamp worms
  A chaos spawn (Abyss:2)
  A spatial vortex (Abyss:2)
  16 water moccasins
  A floating eye (Depths:2)
  5 hell hounds (Lair:6)
  41 orc warriors
  2 swamp drakes
  2 sky beasts
  An ice beast (shapeshifter) (Vaults:5)
  2 necrophages (D:5)
  3 alligator simulacra (IceCv)
  An ettin simulacrum (IceCv)
  4 black bears
  10 centaurs
  15 wolves
  11 ogres
  4 swamp dragon zombies (Swamp:4)
  A lemure (D:6)
  7 phantoms
  5 kobold brigands
  12 bullfrogs
  5 scorpions
  6 deep troll simulacra (IceCv)
  2 earth elementals
  24 killer bees
  A jelly (D:8)
  5 electric eels
  12 wights
  A centaur zombie (D:9)
  A howler monkey (D:9)
  2 bullfrog zombies
  6 lava snakes
  10 hounds
  2 centaur skeletons
  19 orc priests
  Crazy Yiuf (D:6)
  A gnoll shaman (Orc:2)
  2 iguanas
  An iron imp (Abyss:2)
  22 orc wizards
  A spectral swamp drake (Swamp:4)
  3 killer bee zombies
  A hound skeleton (D:4)
  A mummy (Ossuary)
  A howler monkey zombie (D:9)
  A howler monkey skeleton (D:5)
  14 gnolls
  5 adders
  2 swamp drake zombies (Swamp:4)
  4 white imps
  An ufetubus (D:4)
  2 worms
  A worm (shapeshifter) (Vaults:5)
  5 dart slugs
  86 orcs
  6 ball pythons
  4 endoplasms
  A giant cockroach (D:1)
  7 goblins
  4 hobgoblins
  12 kobolds
  A quokka (D:1)
  3 training dummies (Elf:3)
  3 bats
  4 frilled lizards
  6 gnoll skeletons (Ossuary)
  7 kobold skeletons (Ossuary)
  12 orc skeletons (Ossuary)
  4 rats
  12 briar patches (Swamp:2)
  2 starspawn tentacles (Abyss:2)
2147 creatures vanquished.

Vanquished Creatures (collateral kills)
  A caustic shrike (Depths:3)
  An Orb Guardian (Zot:5)
  A lich (Depths:3)
  A sphinx (Depths:3)
  An orc warlord (Vaults:4)
  A yaktaur captain (Vaults:4)
  A vault guard (Vaults:2)
  An ironbound thunderhulk (Vaults:2)
  An ironbound frostheart (Vaults:2)
  2 ironbound convokers (Vaults:4)
  An orb spider (Spider:1)
  A vault sentinel (Vaults:4)
  An anaconda simulacrum (IceCv)
  A yaktaur (Vaults:4)
  An ice devil (IceCv)
  2 slime creatures (Vaults:2)
  A harpy simulacrum (IceCv)
  A hydra simulacrum (IceCv)
20 creatures vanquished.

Vanquished Creatures (others)
  A draconian shifter (Zot:1)
  A spriggan druid (Swamp:4)
  An ironbound convoker (Desolation)
  2 bloated husks
  3 spriggans (Swamp:4)
  A tarantella (Spider:4)
  A human (Lair:6)
  An orc priest (Orc:2)
  3 briar patches (Swamp:2)
  20 foxfires
  61 fungi
  A lurking horror (Abyss:2)
  73 plants
  6 starspawn tentacles (Abyss:2)
  2 withered plants (Gauntlet)
177 creatures vanquished.

Grand Total: 2344 creatures vanquished

Notes
Turn   | Place    | Note
-------+----------+-------------------------------------------
     0 | D:1      | Spaninq the Demonspawn Fighter began the quest for the Orb.
     0 | D:1      | Reached XP level 1. HP: 18/18 MP: 1/1
   238 | D:1      | Gained mutation: You may rarely emit foul miasma when
                  | damaged in melee. [demonic ancestry]
   238 | D:1      | Reached XP level 2. HP: 12/24 MP: 2/2
  1339 | D:2      | Reached XP level 3. HP: 21/29 MP: 3/3
  1535 | D:2      | Gained mutation: You have an increased reservoir of magic.
                  | (+10% MP) [potion of mutation]
  1535 | D:2      | Gained mutation: A frigid envelope surrounds you and
                  | freezes all who hurt you. [potion of mutation]
  2447 | D:2      | Gained mutation: You have large cloven feet. [demonic
                  | ancestry]
  2447 | D:2      | Reached XP level 4. HP: 25/35 MP: 4/4
  3370 | D:3      | Noticed a water moccasin
  3375 | D:3      | Killed a water moccasin
  3376 | D:3      | Reached XP level 5. HP: 25/42 MP: 5/5
  3747 | D:4      | Identified a scroll of acquirement
  3747 | D:4      | Acquired the amulet "Echow" {Reflect rF+++ Str+3 SH+5}
  3812 | D:4      | Gained mutation: You sometimes emit foul miasma when
                  | damaged in melee. [demonic ancestry]
  3812 | D:4      | Reached XP level 6. HP: 36/48 MP: 6/6
  3826 | D:4      | Found a sand-covered staircase.
  3831 | Ossuary  | Entered an ossuary
  3831 | Ossuary  | Noticed a wraith
  3831 | Ossuary  | Noticed a wraith
  3831 | Ossuary  | Noticed a wraith
  4104 | Ossuary  | Noticed a wraith
  4128 | Ossuary  | Killed a wraith
  4500 | D:4      | Found a staircase to the Ecumenical Temple.
  4531 | D:4      | Gained mutation: A meltable shield of frost defends you.
                  | (SH +0) [demonic ancestry]
  4531 | D:4      | Reached XP level 7. HP: 44/55 MP: 7/7
  4561 | Temple   | Entered the Ecumenical Temple
  4654 | Temple   | Became a worshipper of Makhleb the Destroyer
  4890 | D:4      | Reached skill level 1 in Invocations
  5159 | D:4      | Reached skill level 5 in Axes
  5383 | D:5      | Entered Level 5 of the Dungeon
  5581 | D:5      | Found Puro's Practical Paraphernalia.
  5597 | D:5      | Reached skill level 2 in Invocations
  5613 | D:5      | Reached skill level 5 in Fighting
  5843 | D:5      | Identified the +1 ring mail of Wuafu {Rampage rF- rC+
                  | Int+9}
  5863 | D:5      | Gained mutation: You frequently emit foul miasma when
                  | damaged in melee. [demonic ancestry]
  5863 | D:5      | Reached XP level 8. HP: 62/62 MP: 9/11
  5990 | D:5      | Reached skill level 3 in Invocations
  6299 | D:5      | Reached skill level 5 in Armour
  6512 | D:5      | Reached skill level 4 in Invocations
  6526 | D:5      | Reached * piety under Makhleb
  6746 | D:6      | Noticed Prince Ribbit
  6751 | D:6      | Killed Prince Ribbit
  6871 | D:6      | Reached XP level 9. HP: 69/69 MP: 13/13
  6873 | D:6      | Reached skill level 5 in Invocations
  7261 | D:6      | Noticed Pikel
  7306 | D:6      | Paralysed by Pikel for 3 turns
  7309 | D:6      | Killed Pikel
  7310 | D:6      | Reached skill level 6 in Invocations
  7470 | D:6      | Found a runed translucent door.
  7471 | D:6      | Noticed Crazy Yiuf
  7525 | D:6      | Killed Crazy Yiuf
  7834 | D:7      | Found Gac Mug's Jewellery Emporium.
  7856 | D:7      | Acquired a +2 helmet of see invisible
  8223 | D:7      | Noticed Joseph
  8231 | D:7      | Killed Joseph
  8584 | D:7      | Found a stormy altar of Qazlal.
  8657 | D:8      | Reached ** piety under Makhleb
  8658 | D:8      | Reached skill level 7 in Invocations
  8658 | D:8      | Reached XP level 10. HP: 71/79 MP: 16/16
  9021 | D:8      | Identified the +4 mace "Buedeis" {vorpal, +Blink rC+}
  9088 | D:8      | Noticed a five-headed hydra
  9415 | D:8      | Found a basalt altar of Yredelemnul.
  9420 | D:8      | Found a bloodstained altar of Trog.
  9428 | D:8      | Found a snail-covered altar of Cheibriados.
  9433 | D:8      | Found a hazy altar of Hepliaklqana.
  9440 | D:8      | Found an iron altar of Okawaru.
  9446 | D:8      | Found an ancient bone altar of Kikubaaqudgha.
  9457 | D:8      | Found a shimmering blue altar of Sif Muna.
  9733 | D:8      | Identified the +1 cloak of the Bagpipe {-Tele Dex+10}
  9747 | D:8      | Killed a three-headed hydra
  9827 | D:9      | Noticed a rust devil
  9830 | D:9      | Reached skill level 10 in Axes
  9922 | D:9      | Reached *** piety under Makhleb
 10099 | D:9      | Noticed a two-headed ogre
 10099 | D:9      | Noticed a two-headed ogre
 10113 | D:9      | Killed a two-headed ogre
 10118 | D:9      | Killed a two-headed ogre
 10119 | D:9      | Reached XP level 11. HP: 43/87 MP: 17/17
 10958 | D:9      | Found Zin's Purification Station.
 11138 | D:10     | Entered Level 10 of the Dungeon
 11239 | D:10     | Noticed a sun demon
 11897 | D:11     | Found Nigepress's Magic Scroll Shop.
 12212 | D:11     | Reached **** piety under Makhleb
 12309 | D:11     | Noticed a boulder beetle
 12332 | D:11     | Killed a boulder beetle
 12474 | D:11     | Noticed a two-headed ogre
 12627 | D:11     | Killed a two-headed ogre
 12756 | D:11     | Found a staircase to the Lair.
 13338 | D:12     | Noticed a two-headed ogre
 13342 | D:12     | Killed a two-headed ogre
 13396 | D:12     | Noticed a brown ugly thing
 13400 | D:12     | Killed a brown ugly thing
 13401 | D:12     | Gained mutation: A meltable icy envelope protects you from
                  | harm. (AC +0) [demonic ancestry]
 13401 | D:12     | Reached XP level 12. HP: 75/97 MP: 19/19
 13484 | D:12     | Noticed a two-headed ogre
 13492 | D:12     | Killed a two-headed ogre
 13493 | D:12     | Reached skill level 10 in Fighting
 13872 | D:12     | Found a staircase to the Orcish Mines.
 14215 | D:12     | Reached skill level 8 in Invocations
 14411 | Lair:1   | Entered Level 1 of the Lair of Beasts
 14590 | D:5      | Bought the ring "Cuis" {Drain rPois rF+ rC+ Slay+3} for 652
                  | gold pieces
 15478 | Lair:2   | Found a hole to the Spider Nest.
 16205 | Lair:3   | Noticed an eight-headed hydra
 16210 | Lair:3   | Killed a five-headed hydra
 16211 | Lair:3   | Reached skill level 9 in Invocations
 16296 | Lair:3   | Noticed a four-headed hydra
 16302 | Lair:3   | Killed a one-headed hydra
 16364 | Lair:3   | Noticed a five-headed hydra
 16372 | Lair:3   | Killed a one-headed hydra
 16399 | Lair:3   | Noticed an eight-headed hydra
 16410 | Lair:3   | Noticed a death yak
 16419 | Lair:3   | Noticed a death yak
 16428 | Lair:2   | Killed a six-headed hydra
 16429 | Lair:2   | Reached skill level 10 in Armour
 16638 | Lair:3   | Gained mutation: You have hoof-like feet. [demonic
                  | ancestry]
 16638 | Lair:3   | Reached XP level 13. HP: 105/105 MP: 22/22
 16677 | Lair:3   | Found a staircase to the Swamp.
 16992 | Lair:4   | Reached ***** piety under Makhleb
 17107 | Lair:4   | Reached skill level 10 in Invocations
 18029 | Orc:1    | Entered Level 1 of the Orcish Mines
 18067 | Orc:2    | Entered Level 2 of the Orcish Mines
 18311 | Orc:2    | Found a staircase to the Elven Halls.
 18546 | Orc:2    | Noticed an ettin
 18552 | Orc:2    | Killed an ettin
 18714 | Orc:2    | Noticed an orc warlord
 18762 | Orc:2    | Reached skill level 11 in Invocations
 18764 | Orc:2    | Killed an orc warlord
 19792 | Orc:2    | Gained mutation: You have hooves in place of feet. [demonic
                  | ancestry]
 19792 | Orc:2    | Reached XP level 14. HP: 114/114 MP: 24/24
 20052 | Orc:2    | Found Ugojuc's Book Shop.
 20052 | Orc:2    | Found Tiokooh's Assorted Antiques.
 20053 | Orc:2    | Found Oruan's Distillery.
 20106 | Orc:2    | Bought a potion of heal wounds for 65 gold pieces
 20106 | Orc:2    | Bought a potion of haste for 130 gold pieces
 20106 | Orc:2    | Bought a potion of haste for 130 gold pieces
 20106 | Orc:2    | Bought a potion of haste for 130 gold pieces
 20106 | Orc:2    | Found Ykaur's Antique Armour Shoppe.
 20132 | Orc:2    | Paralysed by an orc sorcerer for 2 turns
 20496 | D:5      | Bought the ring "Oloz" {rElec rC+ Stlth+} for 543 gold
                  | pieces
 21114 | Lair:5   | Reached skill level 12 in Invocations
 21190 | Lair:5   | Reached ****** piety under Makhleb
 21211 | Lair:5   | Noticed Nessos
 21235 | Lair:5   | Killed Nessos
 21237 | Lair:5   | Reached skill level 15 in Axes
 21940 | Lair:6   | Entered Level 6 of the Lair of Beasts
 21960 | Lair:6   | Identified the +11 long sword "Giacit" {freeze, Fly Str+4
                  | Stlth+}
 21996 | Lair:6   | Noticed Kirke
 22011 | Lair:6   | Killed Kirke
 22053 | Lair:6   | Found a viscous altar of Jiyva.
 22053 | Lair:6   | Found a staircase to the Slime Pits.
 22156 | Lair:6   | Found a gate leading to a gauntlet.
 22175 | Gauntlet | Entered a Gauntlet
 22175 | Gauntlet | Found a transporter.
 22181 | Gauntlet | Found a runed translucent door.
 22182 | Gauntlet | Found a transporter.
 22196 | Gauntlet | Found a runed translucent door.
 22198 | Gauntlet | Found a transporter.
 22202 | Gauntlet | Found a transporter.
 22212 | Gauntlet | Found a transporter.
 22232 | Gauntlet | Found a transporter.
 22235 | Gauntlet | Found a transporter.
 22257 | Gauntlet | Found a transporter.
 22263 | Gauntlet | Found a transporter.
 22263 | Gauntlet | Found a transporter.
 22266 | Gauntlet | Found a transporter.
 22282 | Gauntlet | Found a transporter.
 22528 | Gauntlet | Identified the +1 cloak of Untruth {rElec}
 22561 | Gauntlet | Identified the +3 scimitar "Diduigra" {flame, rElec rF+}
 22569 | Gauntlet | Gained mutation: You are surrounded by a mild repulsion
                  | field. (EV +2) [demonic ancestry]
 22569 | Gauntlet | Reached XP level 15. HP: 110/122 MP: 27/27
 22574 | Gauntlet | Identified the +1 ring mail of Ypsocyocs {rC+}
 23053 | Lair:6   | Reached skill level 13 in Invocations
 23097 | Lair:6   | Found a large runed translucent door.
 23148 | Lair:6   | Found a large runed translucent door.
 23746 | Swamp:1  | Entered Level 1 of the Swamp
 23781 | Swamp:1  | Noticed Nikola
 23792 | Swamp:1  | Killed Nikola
 23793 | Swamp:1  | Reached skill level 1 in Dodging
 23803 | Swamp:1  | Found a frozen archway.
 23815 | IceCv    | Entered an ice cave
 24210 | IceCv    | Noticed an Ice Fiend
 24243 | IceCv    | Killed an Ice Fiend
 25727 | Swamp:2  | Noticed a tentacled monstrosity
 25745 | Swamp:2  | Killed a tentacled monstrosity
 25746 | Swamp:2  | Reached skill level 14 in Invocations
 26072 | Swamp:2  | Reached skill level 5 in Shields
 26108 | Swamp:2  | Gained mutation: You are surrounded by a moderate repulsion
                  | field. (EV +3) [demonic ancestry]
 26108 | Swamp:2  | Reached XP level 16. HP: 130/131 MP: 29/29
 26478 | Swamp:2  | Noticed a thorn hunter
 26485 | Swamp:2  | Killed a thorn hunter
 26669 | Swamp:2  | Noticed a thorn hunter
 26680 | Swamp:2  | Killed a thorn hunter
 27005 | Swamp:2  | Noticed a thorn hunter
 27016 | Swamp:2  | Noticed Louise
 27021 | Swamp:2  | Cast into level 2 of the Abyss (Louise)
 27157 | Abyss:2  | Noticed a tentacled starspawn
 27170 | Abyss:2  | Killed a tentacled starspawn
 27172 | Abyss:2  | Noticed a tentacled starspawn
 27179 | Abyss:2  | Killed a tentacled starspawn
 27321 | Abyss:2  | Noticed a tentacled starspawn
 27336 | Abyss:2  | Killed a tentacled starspawn
 27339 | Swamp:2  | Escaped the Abyss
 27348 | Swamp:2  | Killed Louise
 27893 | Swamp:2  | Killed a thorn hunter
 28350 | Swamp:3  | Identified the +2 leather armour of Okawaru's Respect {Harm
                  | Rampage Drain Str+4}
 28500 | Swamp:3  | Noticed a tentacled monstrosity
 28515 | Swamp:3  | Killed a tentacled monstrosity
 28625 | Swamp:4  | Entered Level 4 of the Swamp
 28812 | Swamp:4  | Reached skill level 15 in Invocations
 28990 | Swamp:4  | Noticed a thorn hunter
 29228 | Swamp:4  | Killed a thorn hunter
 29254 | Swamp:4  | Reached XP level 17. HP: 139/139 MP: 31/31
 29442 | Swamp:4  | Noticed a tentacled monstrosity
 29454 | Swamp:4  | Killed a tentacled monstrosity
 29700 | Swamp:4  | Noticed a bone dragon
 29711 | Swamp:4  | Killed a bone dragon
 29825 | Swamp:4  | Got a decaying rune of Zot
 29990 | Spider:1 | Entered Level 1 of the Spider Nest
 30252 | Spider:1 | Noticed Asterion
 30261 | Spider:1 | Killed Asterion
 31005 | Spider:2 | Noticed Arachne
 31042 | Spider:2 | Killed Arachne
 31697 | Spider:3 | Noticed Jorgrun
 31705 | Spider:3 | Killed Jorgrun
 31737 | Spider:3 | Noticed Donald
 31748 | Spider:3 | Killed Donald
 32479 | Spider:4 | Entered Level 4 of the Spider Nest
 32931 | Spider:4 | Reached skill level 16 in Invocations
 32931 | Spider:4 | Reached XP level 18. HP: 147/147 MP: 33/33
 33128 | Spider:4 | Reached skill level 10 in Shields
 33924 | Spider:4 | Got a gossamer rune of Zot
 34242 | D:13     | Found a runed translucent door.
 34249 | D:13     | Found the +10 tower shield of Ignorance {rN+ Int-4}
 34259 | D:13     | Found a runed translucent door.
 34540 | D:13     | Found a gate to the Vaults.
 34990 | D:14     | Found a blossoming altar of Fedhas.
 35042 | D:14     | Noticed Rupert
 35049 | D:14     | Killed Rupert
 35217 | D:14     | Reached skill level 15 in Fighting
 35371 | D:14     | Found Mabenlepu's Weapon Emporium.
 35770 | D:15     | Entered Level 15 of the Dungeon
 35901 | D:15     | Found Maeforisk's Jewellery Emporium.
 35932 | D:15     | Found a basalt altar of Yredelemnul.
 36017 | D:15     | Found a staircase to the Depths.
 36588 | D:15     | Bought the amulet of the Four Winds {rN+ Will+++ Clar} for
                  | 570 gold pieces
 36588 | D:15     | Found the amulet of the Four Winds {rN+ Will+++ Clar}
 36710 | Vaults:1 | Entered Level 1 of the Vaults
 36794 | Vaults:1 | Identified the ring "Ehyv" {Wiz Str+3 Dex+2}
 37014 | Vaults:1 | Reached skill level 17 in Invocations
 37638 | Vaults:1 | Reached XP level 19. HP: 155/155 MP: 34/34
 38505 | Vaults:2 | Noticed Frederick
 38874 | Vaults:2 | Noticed Bai Suzhen
 38892 | Vaults:2 | Killed Bai Suzhen
 39075 | Vaults:2 | Found a staircase to the Crypt.
 39434 | Vaults:2 | Noticed Xtahua
 39478 | Vaults:2 | Killed Xtahua
 39607 | Vaults:2 | Reached skill level 18 in Invocations
 39708 | Vaults:2 | Found Xeas's General Store.
 39720 | Vaults:2 | Bought a potion of curing for 39 gold pieces
 39974 | Vaults:2 | Reached skill level 15 in Armour
 40248 | Vaults:2 | Killed Frederick
 40819 | Vaults:3 | Reached XP level 20. HP: 165/165 MP: 36/36
 41381 | Vaults:3 | Identified the +0 ring mail "Eczathe" {rN+ Str+2}
 41631 | Vaults:3 | Found a gateway to a bazaar.
 41654 | Bazaar   | Entered a bazaar
 41671 | Bazaar   | Found Tesow's Antique Armour Shop.
 41684 | Bazaar   | Found Yqees's Book Boutique.
 41717 | Bazaar   | Found Biac's Armour Shop.
 41717 | Bazaar   | Found Omufo's Assorted Antiques.
 41729 | Bazaar   | Bought a scroll of enchant armour for 187 gold pieces
 41729 | Bazaar   | Bought a potion of mutation for 200 gold pieces
 41748 | Bazaar   | Bought a book of Cantrips for 144 gold pieces
 41751 | Bazaar   | Learned a level 1 spell: Apportation
 42609 | Vaults:3 | Identified the +5 battleaxe of Weacar {flame, rPois rF+}
 43235 | Vaults:4 | Reached skill level 1 in Evocations
 43347 | Vaults:4 | Found a crumbling gateway.
 43379 | Desolati | Entered the Desolation of Salt
 43416 | Desolati | Reached skill level 19 in Invocations
 43542 | Desolati | Found the +2 cloak of the Thief {*Fog Slay-2 SInv Stlth+}
 43745 | Desolati | Reached skill level 15 in Shields
 44065 | Desolati | Identified the amulet "Igamur" {RegenMP rElec MP+9 SInv}
 44070 | Desolati | Identified the ring of Ureiwuvu {Will+ Str+2 Int+4}
 44076 | Desolati | Got the Almanac of Dislocation and Cold
 44080 | Desolati | Got Lusijis's Compendium of Ice
 44091 | Desolati | Identified the +7 spear "Luisor" {freeze, Dex+4}
 44196 | Desolati | Got Sif Muna's Disquisition on Earthen Moulding
 44205 | Desolati | Identified the +8 morningstar "Eviscerator" {speed, Stlth+}
 44234 | Desolati | Gained mutation: A meltable icy envelope protects you from
                  | harm. (AC +0) [demonic ancestry]
 44234 | Desolati | Reached XP level 21. HP: 173/173 MP: 38/38
 45046 | Vaults:4 | Noticed an ancient lich
 45069 | Vaults:4 | Killed an ancient lich
 46316 | Elf:1    | Entered Level 1 of the Elven Halls
 46326 | Elf:1    | Reached skill level 5 in Evocations
 46609 | Elf:1    | Found a runed translucent gate.
 46610 | Elf:1    | Found a runed translucent gate.
 46616 | Elf:1    | Noticed Eciono's ghost (adept GnDe)
 46617 | Elf:1    | Found a runed translucent gate.
 46620 | Elf:1    | Found an iron altar of Okawaru.
 47546 | Elf:2    | Found Ledghem's Assorted Antiques.
 47556 | Elf:2    | Bought a scroll of teleportation for 111 gold pieces
 47698 | Elf:2    | Found a runed translucent gate.
 47698 | Elf:2    | Found a runed translucent gate.
 47699 | Elf:2    | Found a runed translucent gate.
 48657 | Elf:3    | Entered Level 3 of the Elven Halls
 48684 | Elf:3    | Found Cuimocre's Firing Range.
 48868 | Elf:3    | Reached skill level 20 in Invocations
 49432 | Elf:3    | Gained mutation: You are surrounded by a strong repulsion
                  | field. (EV +4, RMsl) [demonic ancestry]
 49432 | Elf:3    | Reached XP level 22. HP: 167/182 MP: 34/39
 49611 | Elf:3    | Identified the +12 morningstar "Killer Bee's Foe" {vorpal,
                  | Str+4}
 49815 | Elf:3    | Identified the ring of Yhuk {rF+ Int+4 Dex+3}
 50213 | Elf:3    | Got the Handbook of Virous Displacement
 50322 | Elf:3    | Got the Almanac of Clay and Ignition
 50325 | Elf:3    | Identified the +6 shadow dragon scales "Cauch" {Str+5
                  | Stlth++++}
 50550 | Elf:2    | Bought a scroll of enchant weapon for 277 gold pieces
 50550 | Elf:2    | Bought a scroll of enchant weapon for 277 gold pieces
 50736 | D:11     | Bought a scroll of enchant weapon for 90 gold pieces
 50736 | D:11     | Bought a scroll of enchant armour for 90 gold pieces
 50736 | D:11     | Bought a scroll of enchant weapon for 90 gold pieces
 50736 | D:11     | Bought a scroll of teleportation for 36 gold pieces
 50984 | Vaults:2 | Bought a scroll of enchant armour for 97 gold pieces
 51255 | Depths:1 | Entered Level 1 of the Depths
 51369 | Depths:1 | Found an ornate altar of the Wu Jian Council.
 52354 | Depths:1 | Found Teczeh's Weapon Boutique.
 52354 | Depths:1 | Found Ciok's Magic Scroll Shop.
 52363 | Depths:1 | Bought a scroll of teleportation for 63 gold pieces
 52363 | Depths:1 | Bought a scroll of blinking for 157 gold pieces
 52448 | Depths:1 | Found a gateway to Hell.
 52585 | Depths:1 | Found a sparkling altar of Nemelex Xobeh.
 53353 | Depths:2 | Paralysed by a floating eye for 3 turns
 53417 | Depths:2 | Found a one-way gate to the infinite horrors of the Abyss.
 53563 | Depths:2 | Acquired the +8 war axe of the Wraith {antimagic, +Rage}
 54118 | Depths:2 | Found Zaof's Jewellery Boutique.
 54118 | Depths:2 | Found Cubir's Book Emporium.
 54119 | Depths:2 | Found Vadiup's Jewellery Boutique.
 54272 | Depths:3 | Noticed a golden dragon
 54280 | Depths:3 | Killed a golden dragon
 54431 | Depths:3 | Found a one-way gate leading to the halls of Pandemonium.
 54765 | Depths:3 | Gained mutation: Your hexes are more powerful. [demonic
                  | ancestry]
 54765 | Depths:3 | Reached XP level 23. HP: 187/190 MP: 41/41
 55115 | Depths:3 | Reached skill level 21 in Invocations
 55661 | Depths:3 | Noticed a dread lich
 55661 | Depths:3 | Noticed a caustic shrike
 55661 | Depths:3 | Noticed a caustic shrike
 55661 | Depths:3 | Noticed a caustic shrike
 55661 | Depths:3 | Noticed a juggernaut
 55661 | Depths:3 | Noticed a caustic shrike
 55662 | Depths:3 | Noticed a caustic shrike
 55662 | Depths:3 | Noticed a caustic shrike
 55662 | Depths:3 | Noticed a caustic shrike
 55663 | Depths:3 | Noticed a caustic shrike
 55664 | Depths:3 | Noticed a caustic shrike
 55681 | Depths:3 | Killed a dread lich
 55682 | Depths:3 | Killed a caustic shrike
 55685 | Depths:3 | Killed a caustic shrike
 56006 | Depths:3 | Killed a caustic shrike
 56099 | Depths:3 | Killed a caustic shrike
 56292 | Depths:3 | Killed a caustic shrike
 56301 | Depths:3 | Killed a caustic shrike
 56423 | Depths:3 | Killed a caustic shrike
 56424 | Depths:3 | Reached skill level 10 in Evocations
 56530 | Depths:3 | Killed a juggernaut
 56619 | Depths:3 | Killed a caustic shrike
 56705 | Depths:3 | Killed a caustic shrike
 56885 | Depths:3 | Acquired 1016 gold pieces
 56887 | Depths:3 | Acquired 798 gold pieces
 56889 | Depths:3 | Acquired 814 gold pieces
 56967 | Depths:4 | Found an ornate altar of the Wu Jian Council.
 56967 | Depths:4 | Noticed a caustic shrike
 56967 | Depths:4 | Noticed a caustic shrike
 56967 | Depths:4 | Noticed a caustic shrike
 56976 | Depths:4 | Killed a caustic shrike
 56982 | Depths:4 | Killed a caustic shrike
 56992 | Depths:4 | Killed a caustic shrike
 57203 | Depths:4 | Found a gateway to a ziggurat.
 57266 | Depths:4 | Reached XP level 24. HP: 199/199 MP: 41/41
 58054 | Depths:4 | Identified the +7 rapier of the Present {antimagic, rElec
                  | rF+ SInv}
 58391 | Depths:5 | Entered Level 5 of the Depths
 58399 | Depths:5 | Found a portal to a secret trove of treasure.
 58700 | D:9      | Bought 2 potions of curing for 180 gold pieces
 58971 | Depths:5 | You paid a toll of 15 potions of curing to enter a treasure
                  | trove
 58972 | Trove    | Entered a treasure trove
 58979 | Trove    | Identified the ring "Damnable Contraption" {Fly rElec Int+6
                  | Stlth-}
 59001 | Trove    | Identified the ring "Daro" {Will+ Int+3 Dex+6}
 59086 | Depths:5 | Noticed Saint Roka
 59105 | Depths:5 | Killed Saint Roka
 59343 | Depths:4 | Reached skill level 22 in Invocations
 59943 | Depths:5 | Found a gate to the Realm of Zot.
 60135 | Depths:5 | Noticed Mennas
 60159 | Depths:5 | Killed Mennas
 61032 | Vaults:5 | Entered Level 5 of the Vaults
 61156 | Vaults:5 | Identified the +5 dagger of Skirmishing {protect, rC+
                  | Dex+4}
 61167 | Vaults:5 | Identified the amulet "Hietewur" {rElec rN+ Regen+ Slay+3
                  | Stlth+}
 61185 | Vaults:5 | Gained mutation: Your melee attacks may debilitate your
                  | foes. [demonic ancestry]
 61185 | Vaults:5 | Reached XP level 25. HP: 200/208 MP: 42/42
 61613 | Vaults:5 | Identified the +8 hand axe of Sode {drain, Dex+4}
 61685 | Vaults:5 | Noticed a dread lich
 61697 | Vaults:5 | Killed a dread lich
 61760 | Vaults:5 | Noticed a dread lich
 61790 | Vaults:5 | Killed a dread lich
 61964 | Vaults:5 | Reached skill level 23 in Invocations
 62650 | Vaults:5 | Identified the +2 ring mail of the Sailor {rC++ Will+}
 62747 | Vaults:5 | Identified the +3 scale mail of the Unseen Realm {rN+ Str-3
                  | Int+2 Dex+3}
 62822 | Vaults:5 | Identified the +0 robe of Nafuuterub {+Blink rC+ Will-}
 62834 | Vaults:5 | Got a silver rune of Zot
 62837 | Vaults:5 | Identified the +4 short sword of the Special Orbs {vamp,
                  | Will++ Str-2}
 62838 | Vaults:5 | Identified the +1 scale mail "Uddahatz" {+Blink rF+ rN+}
 62839 | Vaults:5 | Identified the -1 helmet of the Fiddle {Contam rPois rC++
                  | Dex+2}
 63667 | Zot:1    | Entered Level 1 of the Realm of Zot
 64501 | D:11     | Bought a scroll of magic mapping for 42 gold pieces
 64758 | Zot:1    | Reached XP level 26. HP: 212/217 MP: 42/42
 64966 | Zot:1    | Identified the +7 battleaxe of Lataorr {flame, MP+9 Str+4}
 65185 | Zot:1    | Got the Collected Works on Destructive Darkness
 66431 | Zot:2    | Noticed an orb of fire
 66440 | Zot:2    | Gained mutation: You possess an exceptional clarity of
                  | mind. [an orb of fire]
 66442 | Zot:2    | Gained mutation: You are weak. (Str -2) [an orb of fire]
 66457 | Zot:2    | Lost mutation: You have an increased reservoir of magic.
                  | (+10% MP) [an orb of fire]
 66460 | Zot:2    | Gained mutation: You have hidden genetic defects. [an orb
                  | of fire]
 66462 | Zot:2    | Gained mutation: You have a pair of small horns on your
                  | head. [an orb of fire]
 66465 | Zot:2    | Killed an orb of fire
 66466 | Zot:2    | Lost mutation: You have hidden genetic defects. [potion of
                  | mutation]
 66466 | Zot:2    | Lost mutation: You possess an exceptional clarity of mind.
                  | [potion of mutation]
 66466 | Zot:2    | Gained mutation: Your movements are slightly less
                  | encumbered by armour. (ER -2) [potion of mutation]
 66466 | Zot:2    | Gained mutation: You possess an exceptional clarity of
                  | mind. [potion of mutation]
 66466 | Zot:2    | Gained mutation: You are frail. (-10% HP) [potion of
                  | mutation]
 66466 | Zot:2    | Gained mutation: Your flesh is heat resistant. (rF+)
                  | [potion of mutation]
 68152 | Zot:2    | Identified the -7 pair of boots of Lyom {rC+ Str+2}
 68431 | Zot:3    | Reached skill level 1 in Translocations
 68437 | Zot:3    | Learned a level 2 spell: Blink
 69039 | Zot:3    | Gained mutation: You occasionally shout uncontrollably at
                  | your foes. [mutagenic glow]
 69041 | Zot:3    | Gained mutation: You are surrounded by an aura of silence.
                  | [demonic ancestry]
 69041 | Zot:3    | Reached XP level 27. HP: 203/203 MP: 38/38
 69296 | Zot:3    | Noticed an orb of fire
 69302 | Zot:3    | Gained mutation: You are clumsy. (Dex -2) [an orb of fire]
 69307 | Zot:3    | Gained mutation: You are very clumsy. (Dex -4) [an orb of
                  | fire]
 69331 | Zot:3    | Killed an orb of fire
 69332 | Zot:3    | Reached skill level 24 in Invocations
 69901 | Zot:4    | Noticed an orb of fire
 69916 | Zot:4    | Gained mutation: You sometimes lose the ability to read
                  | scrolls when taking damage. [an orb of fire]
 69931 | Zot:4    | Gained mutation: Armour fits poorly on your strangely
                  | shaped body. [an orb of fire]
 69940 | Zot:4    | Killed an orb of fire
 69942 | Zot:4    | Lost mutation: You are frail. (-10% HP) [potion of
                  | mutation]
 69942 | Zot:4    | Lost mutation: You have a pair of small horns on your head.
                  | [potion of mutation]
 69942 | Zot:4    | Gained mutation: You are somewhat resistant to further
                  | mutation. [potion of mutation]
 69943 | Zot:4    | Lost mutation: You are very clumsy. (Dex -4) [potion of
                  | mutation]
 69943 | Zot:4    | Lost mutation: You sometimes lose the ability to read
                  | scrolls when taking damage. [potion of mutation]
 70554 | Zot:5    | Entered Level 5 of the Realm of Zot
 70626 | Zot:5    | Noticed a juggernaut
 70626 | Zot:5    | a Killer Klown changed into a juggernaut
 70637 | Zot:5    | Killed a juggernaut
 70657 | Zot:5    | Noticed an orb of fire
 70663 | Zot:5    | Lost mutation: You are somewhat resistant to further
                  | mutation. [an orb of fire]
 70668 | Zot:5    | Gained mutation: You are dopey. (Int -2) [an orb of fire]
 70676 | Zot:5    | Gained mutation: Your body sometimes deteriorates upon
                  | taking damage. [an orb of fire]
 70678 | Zot:5    | Noticed an orb of fire
 70683 | Zot:5    | Killed an orb of fire
 70683 | Zot:5    | Gained mutation: You are occasionally teleported next to
                  | monsters. [an orb of fire]
 70694 | Zot:5    | Gained mutation: You have sharp fingernails. [an orb of
                  | fire]
 70698 | Zot:5    | Gained mutation: You are sometimes teleported next to
                  | monsters. [an orb of fire]
 70702 | Zot:5    | Gained mutation: You do not regenerate when monsters are
                  | visible. [an orb of fire]
 70706 | Zot:5    | Killed an orb of fire
 70707 | Zot:5    | Reached skill level 5 in Translocations
 70723 | Zot:4    | Lost mutation: You occasionally shout uncontrollably at
                  | your foes. [potion of mutation]
 70723 | Zot:4    | Lost mutation: You are weak. (Str -2) [potion of mutation]
 70723 | Zot:4    | Lost mutation: You possess an exceptional clarity of mind.
                  | [potion of mutation]
 70724 | Zot:4    | Lost mutation: Armour fits poorly on your strangely shaped
                  | body. [potion of mutation]
 70724 | Zot:4    | Lost mutation: You are clumsy. (Dex -2) [potion of
                  | mutation]
 70724 | Zot:4    | Lost mutation: Your body sometimes deteriorates upon taking
                  | damage. [potion of mutation]
 70724 | Zot:4    | Gained mutation: You sometimes lose the ability to read
                  | scrolls when taking damage. [potion of mutation]
 70724 | Zot:4    | Lost mutation: Your flesh is heat resistant. (rF+) [potion
                  | of mutation]
 70724 | Zot:4    | Lost mutation: You are dopey. (Int -2) [potion of mutation]
 70724 | Zot:4    | Gained mutation: You are somewhat resistant to further
                  | mutation. [potion of mutation]
 70725 | Zot:4    | Lost mutation: You sometimes lose the ability to read
                  | scrolls when taking damage. [potion of mutation]
 70725 | Zot:4    | Lost mutation: You are somewhat resistant to further
                  | mutation. [potion of mutation]
 70725 | Zot:4    | Lost mutation: You do not regenerate when monsters are
                  | visible. [potion of mutation]
 70725 | Zot:4    | Gained mutation: You are dopey. (Int -2) [potion of
                  | mutation]
 70725 | Zot:4    | Gained mutation: Your spells are a little harder to cast,
                  | but a little more powerful. [potion of mutation]
 70783 | Zot:5    | Noticed an ancient lich
 70788 | Zot:5    | Noticed a dread lich
 70788 | Zot:5    | Noticed an orb of fire
 70803 | Zot:5    | Gained mutation: Your magical capacity is low. (-10% MP)
                  | [an orb of fire]
 70813 | Zot:5    | Gained mutation: You are frail. (-10% HP) [an orb of fire]
 70833 | Zot:5    | Gained mutation: You are very frail. (-20% HP) [an orb of
                  | fire]
 70853 | Zot:5    | HP: 6/181 [death cob (17)]
 70853 | Zot:5    | Slain by an Orb Guardian

Illustrated notes

Levels and vault maps discovered:
D:1:      ncdulo_wetmaze, layout_loops_ring, hex_medium
D:2:      layout_loops_corners, serial_bayou_lagoon_a, nrook_uturn
D:3:      layout_rooms, nicolae_elyvilon_temple_path, minmay_crystal_room
D:4:      layout_basic, minmay_temple_entry_slanted, enter_ossuary_2
D:5:      layout_gridville, nicolae_alphabet_shops, minivault_27,
          serial_bayou_lagoon_b
D:6:      layout_cave_pools, uniq_pikel, uniq_crazy_yiuf_cottage,
          uniq_prince_ribbit1
D:7:      layout_loops_ring, marbit_many_paths, serial_shops,
          nicolae_shop_waterfront, uniq_joseph
D:8:      layout_rooms, grunt_temple_overflow_octagram, serial_park_tiny_1,
          kennysheep_island_fort
D:9:      layout_long_grid, zin_purify, st_stairs_10, minmay_puff
D:10:     layout_loops_ring, serial_aquarium, aquarium_bridge_straight
          [aquarium_subvault_bridge, aquarium_subvault_wall,
          aquarium_subvault_bridge, aquarium_subvault_window],
          aquarium_window_1, aquarium_window_corridor_3, aquarium_view_2c,
          aquarium_pool_2
D:11:     layout_long_grid, erik_lair_island, serial_shops,
          nicolae_shop_statue_plus, serial_bayou_pond_e
D:12:     layout_loops_cross, erik_orc_1, wad_rectangle_vault
D:13:     layout_basic, david_vaults_1, chequers_guarded_unrand_ignorance
D:14:     layout_stronghold, serial_shops, shop, fedhas_altar_1, uniq_rupert
D:15:     hangedman_depths_entry_civil_slaughter, layout_basic,
          lemuel_doored_altar, serial_shops, nicolae_shop_waterfront
Temple:   nicolae_temple_x_marks_the_god
Lair:1:   layout_roguey, serial_bayou_shore_a, infiniplex_staircase_pool,
          lemuel_fruit_tree
Lair:2:   gammafunk_indiana_jones, layout_regular_city, spider_nest_entry_rubble
Lair:3:   layout_misc_corridors, swamp_mist, minivault_27,
          amcnicky_mini_pool_medium
Lair:4:   layout_long_grid, bobbens_ice_dragon_lair
Lair:5:   layout_cave_pods, grunt_megastairs_1, infiniplex_staircase_pool_2,
          uniq_nessos
Lair:6:   cheibrodos_lair_end_hotspot, layout_cave_pods, slime_altar_1,
          gauntlet_entry_generic, grunt_forest_small_clearings, uniq_kirke
Swamp:1:  layout_basic_swamp, portal_ice_cave_entry_pillars_four,
          hangedman_swamp_ruin_wall, uniq_nikola
Swamp:2:  nicolae_swamp_phyte_club, layout_basic_swamp, nicolae_swamp_oxbows,
          hangedman_swamp_lotus, uniq_louise
Swamp:3:  layout_basic_swamp, nicolae_swamp_little_swirl
Swamp:4:  swamp_pestilence, layout_basic_swamp
Spider:1: layout_spider_delve, uniq_asterion
Spider:2: layout_spider_delve, uniq_arachne
Spider:3: layout_spider_delve, uniq_donald, uniq_jorgrun
Spider:4: grunt_spider_rune_island
Orc:1:    layout_diamond_mine
Orc:2:    st_orc_elflike, layout_diamond_mine, nicolae_orc_bridge_out
Elf:1:    elf_arrival_001, layout_loops_cross, gammafunk_ghost_fury_of_okawaru,
          hangedman_corner_corridor
Elf:2:    elven_hall_of_blades_hangedman_original [nicolae_blade_lattice],
          layout_geoelf_octagon, serial_shops, shop_fountains
Elf:3:    elf_hall_gauntlet_narrow, layout_geoelf_grid,
          nicolae_shop_firing_range
Vaults:1: nicolae_vaults_little_squares_6, v_misc_12, v_pattern_5, v_misc_8,
          v_misc_23, nicolae_vaults_network_barrier, special_room_vaults
          [special_room_orc], vaults_room_door_ring,
          ontoclasm_vaults_loading_screen, nicolae_vaults_network_quinsquares
          [nicolae_vaults_network_quincunx_subvault,
          nicolae_vaults_network_quincunx_subvault,
          nicolae_vaults_network_quincunx_subvault,
          nicolae_vaults_network_quincunx_subvault], v_rooms_3,
          ontoclasm_vaults_decontamination, nicolae_vaults_little_squares_4,
          layout_vaults_ring
Vaults:2: minmay_crypt_entry_simple_plaza, hangedman_vaults_nails,
          hangedman_vaults_stream, st_lattice, nicolae_vaults_ring_of_whatevers,
          vaults_room_pool, vaults_room_corners, nicolae_vaults_alarming,
          layout_vaults_omnigrid, serial_shops, shop, uniq_xtahua,
          uniq_bai_suzhen, uniq_frederick
Vaults:3: v_rooms_5, hangedman_vaults_stagger, v_pattern_4, v_misc_13,
          v_alt_pattern_4, nicolae_vaults_network_square, v_misc_19,
          hangedman_vaults_locks, grunt_vaults_hallway_short, vaults_dpeg_ring,
          layout_vaults_chaotic_city, serial_shops, bzr_entry_gold
Vaults:4: vaults_dpeg_hooks, dpeg_vaults_monster_row, ontoclasm_vaults_tryst,
          v_misc_15, ontoclasm_vaults_loading_screen,
          nicolae_vaults_windows_and_doors_thing, st_check, v_pattern_3,
          vaults_room_ringed_pool, nicolae_vaults_specimen_jars,
          ontoclasm_vaults_misaligned, v_alt_pattern_1, v_misc_28,
          grunt_vaults_twisty, hangedman_vaults_hat, layout_vaults_omnibox,
          portal_desolation_entry_salt
Vaults:5
Depths:1: layout_honeycomb, hell_entry, nemelex_spade_bored_becter,
          nicolae_wu_jian_wuxing_cycle, minmay_shoptagon
Depths:2: kennysheep_large_spiral, layout_honeycomb, amcnicky_mini_pool_small,
          abyss_entry, hell_entry, minmay_shop_grove, minmay_staircase_statues,
          firewood_loft, grunt_megastairs_2
Depths:3: grunt_runaround [grunt_runaround_doors_1, grunt_runaround_doors_2,
          grunt_runaround_doors_3, grunt_runaround_doors_4,
          grunt_runaround_loot], hell_entry, abyss_entry, pan_entry
Depths:4: lemuel_troll_bridge, layout_gridlike, enter_ziggurat_e,
          grunt_hell_entry_dis_mu, minmay_misc_feat_room,
          marbit_kobold_abyss_entry, argonaut_fire_from_heaven
Depths:5: grunt_zot_entry_funnels, layout_gridlike, pan_entry,
          nicolae_trove_entry_crossroad, hell_entry, grunt_tough_drop,
          uniq_saint_roka, uniq_mennas
Zot:1:    layout_basic
Zot:2:    layout_gridlike, kennysheep_underground_church
Zot:3:    layout_concentric_octagons, grunt_ministairs_6
Zot:4:    layout_misc_corridors, lemuel_baited_zot_trap
Zot:5:    layout_misc_corridors

Skill      XL: |  1  2  3  4  5  6  7  8  9 10 11 12 13 14 15 16 17 18 19 20 21 22 23 24 25 26 27 |
---------------+----------------------------------------------------------------------------------+-----
Axes           | 2 3 4 5 7 8 10 12 13 14 15 16 17 18 19 | 19.3
Shields        | 3 4 5 7 9 11 13 15 16 17 18 19 20 21 22 | 22.1
Armour         | 3 4 5 6 7 9 10 11 12 13 14 15 16 17 18 19 | 19.5
Fighting       | 4 5 6 7 8 9 10 11 12 13 14 15 16 17 18 19 20 | 20.9
Invocations    | 2 4 7 9 11 12 14 15 16 17 18 19 20 21 22 23 24 | 24.5
Dodging        | 2 |  2.0
Evocations     | 3 6 8 10 11 12 13 14 | 14.7
Translocations | 2 5 |  5.6

Action                   |  1- 3 |  4- 6 |  7- 9 | 10-12 | 13-15 | 16-18 | 19-21 | 22-24 | 25-27 || total
-------------------------+-------+-------+-------+-------+-------+-------+-------+-------+-------++-------
Melee: War axe           |   126 |    81 |   230 |   450 |       |       |       |       |    25 ||   912
       Kick              |       |    18 |    63 |   219 |   308 |   437 |   580 |   562 |   724 ||  2911
       Hand axe          |       |       |       |    15 |    21 |    18 |     5 |       |       ||    59
       Broad axe         |       |       |       |    51 |   719 |   980 |  1255 |  1240 |  1469 ||  5714
       Headbutt          |       |       |       |       |       |       |       |       |   117 ||   117
 Cast: Apportation       |       |       |       |       |       |       |     1 |       |       ||     1
Invok: Major Destruction |       |       |       |       |     6 |     4 |     3 |    38 |       ||    51
       Greater Servant o |       |       |       |       |     3 |     1 |     2 |     5 |     1 ||    12
Evoke: Wand              |       |       |       |       |     1 |       |       |       |       ||     1
       Box of beasts     |       |       |       |       |       |       |       |     1 |       ||     1
       Phantom mirror    |       |       |       |       |       |       |       |     1 |       ||     1
  Use: Potion            |     1 |       |       |       |    10 |     1 |     4 |     1 |    12 ||    29
       Scroll            |       |     8 |    10 |    14 |     8 |     4 |     2 |    18 |    14 ||    78
 Stab: Distracted        |       |       |       |       |       |     1 |       |       |       ||     1
       Held in net/web   |       |       |       |       |       |     1 |       |       |       ||     1
       Invisible         |       |       |       |       |       |       |     5 |       |       ||     5
       Confused          |       |       |       |       |       |       |       |       |     3 ||     3
Armor: Scale mail        |    28 |       |       |       |       |       |       |       |       ||    28
       Chain mail        |    26 |    27 |    76 |   179 |    40 |       |       |       |       ||   348
       Ring mail         |       |     5 |    10 |       |       |       |       |       |       ||    15
       Plate armour      |       |       |       |       |   220 |   367 |   314 |   134 |       ||  1035
       Gold dragon scale |       |       |       |       |       |       |       |   364 |   589 ||   953
Dodge: Dodged            |    55 |    20 |    61 |   147 |   148 |   262 |   206 |   285 |   334 ||  1518
       Repelled          |       |       |       |       |       |       |       |    20 |    39 ||    59
Block: Buckler           |    22 |    27 |   166 |   344 |   443 |   650 |   269 |       |       ||  1921
       Reflection        |       |       |     7 |    12 |    10 |    27 |    70 |    21 |    31 ||   178
       Kite shield       |       |       |       |       |       |       |   456 |   680 |  1172 ||  2308

Table legend: (Time is in decaauts)
 A = Elapsed time spent in this place.
 B = Non-inter-level travel time spent in this place.
 C = Inter-level travel time spent in this place.
 D = Time resting spent in this place.
 E = Time spent auto-exploring this place.
 F = Levels seen in this place.
 G = Mean time per level.
                   A        B        C        D        E       F      G
               +--------+--------+--------+--------+--------+-----+--------+
         Total |  69865 |  62111 |   7754 |  10466 |  34238 |  57 | 1225.7 |
       Dungeon |  18747 |  15725 |   3022 |   1795 |  10730 |  15 | 1249.8 |
        Temple |    105 |     89 |     16 |      0 |     72 |   1 |  105.0 |
          Lair |   6520 |   5682 |    838 |    425 |   3982 |   6 | 1086.7 |
         Swamp |   4702 |   4525 |    177 |   1372 |   1977 |   4 | 1175.5 |
   Spider Nest |   4048 |   3752 |    296 |    718 |   2133 |   4 | 1012.0 |
  Orcish Mines |   2342 |   2186 |    156 |    684 |    951 |   2 | 1171.0 |
   Elven Halls |   4204 |   3827 |    377 |    670 |   1419 |   3 | 1401.3 |
        Vaults |  10519 |   9025 |   1494 |    988 |   4921 |   5 | 2103.8 |
        Depths |   9862 |   8778 |   1084 |   2213 |   4364 |   5 | 1972.4 |
           Zot |   5276 |   4987 |    289 |    602 |   3024 |   5 | 1055.2 |
         Abyss |    307 |    307 |      0 |     94 |      0 |   1 |  307.0 |
        Bazaar |    129 |    129 |      0 |      0 |     49 |   1 |  129.0 |
         Trove |     45 |     45 |      0 |      0 |      0 |   1 |   45.0 |
       Ossuary |    472 |    472 |      0 |    156 |    122 |   1 |  472.0 |
      Ice Cave |   1287 |   1287 |      0 |    540 |    349 |   1 | 1287.0 |
    Desolation |    900 |    900 |      0 |    209 |     80 |   1 |  900.0 |
      Gauntlet |    393 |    393 |      0 |      0 |     63 |   1 |  393.0 |
               +--------+--------+--------+--------+--------+-----+--------+

Top non-repeatable levels by time:
Depths:3: 3422 daAuts
Vaults:2: 2453 daAuts
Vaults:1: 2410 daAuts
Vaults:5: 2052 daAuts
Depths:1: 1930 daAuts
Vaults:3: 1892 daAuts
 Swamp:2: 1853 daAuts
   Elf:3: 1814 daAuts
   Zot:1: 1763 daAuts
Vaults:4: 1711 daAuts
    D:12: 1704 daAuts
Depths:4: 1648 daAuts
     D:2: 1589 daAuts
Depths:5: 1550 daAuts
   Orc:2: 1549 daAuts
